 Dungeon Crawl Stone Soup version 0.23-a0-650-ga4d50d4 (console) character file.

40 Duffy the Firebug (level 3, 6/24 HPs)
             Began as a Demonspawn Fire Elementalist on Jan 6, 2019.
             Quit the game on level 2 of the Dungeon.
             The game lasted 00:01:03 (1342 turns).

Duffy the Firebug (Demonspawn Fire Elementalist)    Turns: 1342, Time: 00:01:04

Health: 6/24       AC:  3    Str:  8    XL:     3   Next: 30%
Magic:  1/6        EV: 12    Int: 17    God:
Gold:   42         SH:  0    Dex: 13    Spells: 6/7 levels left

rFire    . . .     SeeInvis .   m - +0 spear
rCold    . . .     Gourm    .   (no shield)
rNeg     . . .     Faith    +   a - +0 robe
rPois    .         Spirit   +   (no helmet)
rElec    .         Reflect  .   (no cloak)
rCorr    .         Harm     .   e - +0 pair of gloves
MR       .....                  (no boots)
Stlth    ++........             g - amulet of faith
HPRegen  0.08/turn              (no ring)
MPRegen  0.10/turn              (no ring)

@: very slightly contaminated
A: powered by death 1, magic shield
a: no special abilities


You were on level 2 of the Dungeon.
You were hungry.

You visited 1 branch of the dungeon, and saw 2 of its levels.

You collected 42 gold pieces.

Inventory:

Hand Weapons
 m - a +0 spear (weapon)
Armour
 a - a +0 robe (worn)
 e - a +0 pair of gloves (worn)
Jewellery
 g - an amulet of faith (around neck)
Scrolls
 f - a scroll of identify {unknown}
 h - a scroll of blinking {unknown}
 i - a scroll of remove curse {unknown}
 j - 3 scrolls of magic mapping {unknown}
 k - a scroll of enchant armour {unknown}
Potions
 b - a potion of agility {unknown}
 l - a potion of flight {unknown}
Comestibles
 c - a ration


   Skills:
 - Level 1.7 Dodging
 - Level 1.7 Stealth
 + Level 2.5 Spellcasting
 + Level 2.0 Conjurations
 + Level 3.2 Fire Magic


You had 6 spell levels left.
You knew the following spells:

 Your Spells              Type           Power        Failure   Level  Hunger
h - Flame Tongue          Conj/Fire      ##...        6%          1    #......

Your spell library contained the following spells:

 Spells                   Type           Power        Failure   Level  Hunger
 Throw Flame              Conj/Fire      ##....       10%         2    ##.....
 Conjure Flame            Conj/Fire      ##......     19%         3    ###....
 Inner Flame              Hex/Fire       #.......     28%         3    ###....
 Sticky Flame             Conj/Fire      ##......     52%         4    #####..
 Fireball                 Conj/Fire      ##........   86%         5    ######.


Dungeon Overview and Level Annotations

Branches:
Dungeon (2/15)

Altars:


Innate Abilities, Weirdness & Mutations

You regenerate a little health from kills.
When hurt, damage is shared between your health and your magic reserves.


Message History

The hound zombie is severely damaged.
The hound zombie misses you. The hound zombie bites you.
You hit the hound zombie.
The hound zombie is almost destroyed.
The hound zombie bites you.
You completely miss the hound zombie.
The hound zombie is almost destroyed.
The hound zombie bites you. The hound zombie misses you.
You hit the hound zombie.
The hound zombie is almost destroyed.
The hound zombie closely misses you.
You hit the hound zombie.
You destroy the hound zombie!
Your Conjurations skill increases to level 2!
You have reached level 3!
Your experience leads to an increase in your attributes!
Increase (S)trength, (I)ntelligence, or (D)exterity?
You feel clever.
Your demonic ancestry asserts itself...
You feel your magical essence form a protective shroud around your flesh.
Are you sure you want to abandon this character and quit the game? (Confirm

#.# #..# #.#
#.)# ###.# #..#
#.<.# #..#
#.#####..######
#......[......#
#######..####.#
#..####.#
#....@..#
......####..#
##.#### ..# #
...# ....#
.....# .....#
.....#


There were no monsters in sight!

Vanquished Creatures
  A hound zombie (D:2)
  A worm (D:2)
  3 bats (D:1)
  2 goblins (D:1)
  A hobgoblin (D:1)
  7 jackals (D:1)
  A ball python (D:1)
  A frilled lizard (D:1)
  2 kobolds (D:1)
  2 rats (D:1)
21 creatures vanquished.

Notes
Turn   | Place    | Note
-------+----------+-------------------------------------------
     0 | D:1      | Duffy the Demonspawn Fire Elementalist began the quest for
                  | the Orb.
     0 | D:1      | Reached XP level 1. HP: 13/13 MP: 3/3
   489 | D:1      | Gained mutation: You regenerate a little health from kills.
                  | [demonic ancestry]
   489 | D:1      | Reached XP level 2. HP: 19/19 MP: 3/5
   903 | D:1      | Reached skill level 3 in Fire Magic
  1341 | D:2      | Gained mutation: When hurt, damage is shared between your
                  | health and your magic reserves. [demonic ancestry]
  1341 | D:2      | Reached XP level 3. HP: 6/24 MP: 0/6
  1342 | D:2      | Quit the game

Vault maps used:
D:1:      saegor_arrival_simple_d
D:2:      fedhas_ov_isle_minmay, first_ration, minmay_tripent

Skill      XL: |  1  2 |
---------------+-------+-----
Fire Magic     | 3 |  3.2
Conjurations   | 2 |  2.0
Dodging        | |  1.7
Stealth        | |  1.7
Spellcasting   | |  2.5

Action                   || total
-------------------------++-------
Melee: Unarmed           ||    10
       Spear             ||    22
 Cast: Flame Tongue      ||    33
  Eat: Chunk             ||     1
Armor: Robe              ||    14
Dodge: Dodged            ||    55

Table legend:
 A = Non-vault XP
 B = Vault XP
 C = Vault XP percentage of total XP
 D = Non-vault monster count
 E = Vault monster count
 F = Vault count percentage of total count
                 A         B        C        D         E       F
            +---------+---------+-------+---------+---------+-------
      Total |      58 |       0 |   0.0 |      21 |       0 |   0.0
            +---------+---------+-------+---------+---------+-------
        D:1 |      31 |       0 |   0.0 |      19 |       0 |   0.0
        D:2 |      27 |       0 |   0.0 |       2 |       0 |   0.0
            +---------+---------+-------+---------+---------+-------
